[Event "Titled Tuesday Blitz March 07 Late 2023"]
[White "Tristan, Leonardo"]
[Black "Berezin, Viktor"]
[WhiteFideId "113816"]
[BlackFideId "14107872"]
[WhiteElo "2461"]
[BlackElo "2310"]
[Result "0-1"]
[Round "04"]
[TimeControl "180+2"]
[Date "2023.03.07"]
[WhiteClock "0:00:02"]
[BlackClock "0:00:09"]

1. d4 Nf6 2. Nf3 g6 3. Bf4 Bg7 4. e3 O-O 5. Be2 d6 6. O-O b6 7. h3 Bb7 8. Bh2 Nbd7 9. a4 a5 10. Nbd2 e6 11. c3 Qe7 12. Bd3 e5 13. e4 Nh5 14. Re1 Nf4 15. Bf1 Rae8 16. Nc4 h6 17. Qc2 Kh7 18. Ne3 Qf6 19. Ng4 Qe7 20. Bb5 c6 21. Bf1 h5 22. Ne3 Qf6 23. dxe5 dxe5 24. Nd2 Qg5 25. Kh1 Re7 26. Rad1 Kh8 27. Ndc4 Ne6 28. Nd6 Ba8 29. Bc4 Qf6 30. Rf1 Nf4 31. Rd2 Nc5 32. Rfd1 Nce6 33. Qb3 Rb8 34. Bxf4 exf4 35. Nf1 f3 36. g3 Ng5 37. h4 Nxe4 38. Nxf7+ Kh7 39. Rd6 Qf5 40. Nh2 Nxf2+ 41. Kg1 Nxd1 42. Ng5+ Kh8 43. Qxd1 Rbe8 44. Nf7+ Kh7 45. Ng5+ Kh8 46. Qxf3 Re1+ 47. Kg2 c5 48. Bd5 R8e2+ 49. Qxe2 Rxe2+ 50. Kg1 Re1+ 51. Kg2 Bxd5+ 52. Rxd5 Qxd5+ 53. Nhf3 Re2+ 54. Kh3 Re8 55. Nf7+ Qxf7 0-1


[Site "https://www.chess.com"]

[Event "Titled Tuesday Blitz March 07 Late 2023"]
[White "Kokoszczynski, Jan"]
[Black "Yanchenko, Roman"]
[WhiteFideId "1174460"]
[BlackFideId "4137329"]
[WhiteElo "2139"]
[BlackElo "2491"]
[Result "0-1"]
[Round "04"]
[TimeControl "180+2"]
[Date "2023.03.07"]
[WhiteClock "0:00:03"]
[BlackClock "0:00:08"]

1. e4 e6 2. d4 d5 3. Bd3 c5 4. exd5 exd5 5. dxc5 Bxc5 6. Nf3 Ne7 7. O-O O-O 8. Nbd2 a6 9. Nb3 Ba7 10. h3 Nbc6 11. c3 Qd6 12. Re1 h6 13. Be3 Bb8 14. Bc5 Qf6 15. Nbd4 Rd8 16. Nxc6 Nxc6 17. Nd4 Ne5 18. Bf1 b6 19. Ba3 Ng6 20. Qf3 Qxf3 21. Nxf3 f6 22. Rad1 Kf7 23. Nd4 Bd7 24. g3 Be5 25. Bg2 Be8 26. f4 Bxd4+ 27. Rxd4 Bc6 28. h4 Re8 29. Rxe8 Rxe8 30. Kf2 Ne7 31. Bxe7 Kxe7 32. Bxd5 Bxd5 33. Rxd5 Rc8 34. Ke3 Rc6 35. Kd4 Re6 36. Kd3 Re1 37. Rd4 Rg1 38. Re4+ Kd6 39. Re3 Rg2 40. b4 Rxa2 41. Ke4 Ke6 42. f5+ Kd6 43. Rd3+ Kc6 44. Kd4 Re2 45. Rf3 h5 46. Rd3 Re5 47. Rf3 a5 48. bxa5 bxa5 49. Kc4 Re4+ 50. Kb3 Kc5 51. Rf1 a4+ 52. Kc2 Re3 53. Rg1 Kc4 54. g4 Rxc3+ 55. Kb2 Rb3+ 56. Ka2 hxg4 57. Rxg4+ Kd5 58. Rxg7 Ke5 59. h5 Rh3 60. Rh7 Kxf5 61. Rh8 Kg5 62. Rg8+ Kxh5 63. Rg2 f5 64. Rg8 f4 65. Kb2 f3 66. Rf8 Kg4 67. Kc2 a3 68. Rg8+ Kf4 69. Kd3 a2 70. Rg1 f2+ 0-1


[Site "https://www.chess.com"]

[Event "Titled Tuesday Blitz March 07 Late 2023"]
[White "Hirneise, Jens"]
[Black "Rorrer, Grayson"]
[WhiteFideId "24614734"]
[BlackFideId "30944996"]
[WhiteElo "2345"]
[BlackElo "2200"]
[Result "0-1"]
[Round "04"]
[TimeControl "180+2"]
[Date "2023.03.07"]
[WhiteClock "0:00:04"]
[BlackClock "0:00:03"]

1. e4 c5 2. Be2 Nc6 3. f4 e6 4. Nf3 d5 5. e5 h5 6. c3 g6 7. d4 Nh6 8. a3 Nf5 9. b4 cxd4 10. cxd4 Qb6 11. Bb2 Be7 12. Qd2 h4 13. b5 Na5 14. Ra2 Bd7 15. a4 Rc8 16. Bc3 Bd8 17. O-O Nc4 18. Bxc4 Rxc4 19. Rd1 Qc7 20. Bb4 Qc8 21. Na3 Rc7 22. Rc2 Rxc2 23. Nxc2 Qc4 24. Rc1 Qb3 25. Ra1 h3 26. Qc3 Qxc3 27. Bxc3 hxg2 28. Kxg2 Be7 29. Rc1 Kd8 30. Kf2 b6 31. Bb4 Bxb4 32. Nxb4 Ke7 33. Nc6+ Bxc6 34. Rxc6 Kd7 35. Kg2 Ra8 36. Ng5 Nxd4 37. Rd6+ Ke7 38. Nh7 Nf5 39. Rc6 Kd7 40. Nf6+ Ke7 41. Rc7+ Kf8 42. Nd7+ Kg7 43. Nf6 d4 44. Rd7 a6 45. Kf3 axb5 46. axb5 Ra3+ 47. Kf2 Ra2+ 48. Kg1 Ra1+ 49. Kf2 Ra2+ 50. Kg1 Ra8 51. Kf2 Rc8 52. Ke2 Rc2+ 53. Kd3 Rxh2 54. Rd8 Rh8 55. Rd7 g5 56. fxg5 Kg6 57. Ne4 Rh3+ 58. Kd2 Rh2+ 59. Kd3 Rh3+ 60. Kd2 Re3 61. Nd6 Rxe5 62. Ne8 Rxb5 63. Rb7 Rb2+ 64. Kd3 b5 65. Ke4 Rb3 66. Nc7 d3 67. Nxb5 d2 68. Rd7 Rxb5 0-1


[Site "https://www.chess.com"]

[Event "Titled Tuesday Blitz March 07 Late 2023"]
[White "Dragomirescu, Angela"]
[Black "EREBUNI91"]
[WhiteFideId "1209914"]
[WhiteElo "2171"]
[BlackElo "2741"]
[Result "0-1"]
[Round "04"]
[TimeControl "180+2"]
[Date "2023.03.07"]
[WhiteClock "0:00:04"]
[BlackClock "0:00:19"]

1. e4 c5 2. Nf3 d6 3. d4 cxd4 4. Nxd4 Nf6 5. Nc3 a6 6. Bg5 Nbd7 7. Qe2 h6 8. Bh4 g6 9. f4 e5 10. fxe5 dxe5 11. O-O-O Qc7 12. Nb3 b5 13. Qf3 Bg7 14. g4 Bb7 15. Bd3 Rc8 16. Kb1 O-O 17. a3 Qb6 18. Bf2 Qe6 19. Rhg1 Rxc3 20. bxc3 Rc8 21. Kb2 Nb6 22. Bxb6 Qxb6 23. Rge1 Qc6 24. Bf1 Qc7 25. Kb1 a5 26. Bxb5 a4 27. Bxa4 Ra8 28. Bb5 Rxa3 29. Qd3 Bf8 30. Rf1 Rxb3+ 31. cxb3 Bxe4 32. Rxf6 Bxd3+ 33. Rxd3 e4 34. Rd7 Qxc3 35. Bc4 Qxf6 0-1


[Site "https://www.chess.com"]

[Event "Titled Tuesday Blitz March 07 Late 2023"]
[White "Hambleton, Aman"]
[Black "Petrovic, Aleksa"]
[WhiteFideId "2606577"]
[BlackFideId "967629"]
[WhiteElo "2511"]
[BlackElo "2326"]
[Result "1-0"]
[Round "04"]
[TimeControl "180+2"]
[Date "2023.03.07"]
[WhiteClock "0:00:15"]
[BlackClock "0:00:39"]

1. d4 Nf6 2. Bf4 e6 3. e3 c5 4. c3 b6 5. Nf3 Bb7 6. h3 Be7 7. Bd3 O-O 8. O-O Nc6 9. Nbd2 cxd4 10. exd4 Nd5 11. Bg3 f5 12. Re1 Qe8 13. Nc4 f4 14. Bh4 Bxh4 15. Nxh4 Qe7 16. Nf3 Rae8 17. Qc2 g5 18. Nce5 Nxe5 19. Nxe5 Qg7 20. Be4 d6 21. Nf3 Rf6 22. c4 Rc8 23. Qb3 h5 24. cxd5 g4 25. Nh2 f3 26. g3 h4 27. Nxg4 hxg3 28. Nxf6+ Qxf6 29. Qxf3 1-0


[Site "https://www.chess.com"]

[Event "Titled Tuesday Blitz March 07 Late 2023"]
[White "Adewumi, Tanitoluwa"]
[Black "Ehlvest, Jaan"]
[WhiteFideId "30966396"]
[BlackFideId "4500016"]
[WhiteElo "2738"]
[BlackElo "2442"]
[Result "1-0"]
[Round "04"]
[TimeControl "180+2"]
[Date "2023.03.07"]
[WhiteClock "0:00:07"]
[BlackClock "0:00:02"]

1. e4 c5 2. Nf3 Nc6 3. Bb5 e6 4. Bxc6 bxc6 5. b3 d6 6. Bb2 e5 7. O-O Be7 8. c3 f5 9. exf5 Bxf5 10. d4 cxd4 11. cxd4 e4 12. Nfd2 d5 13. Qc1 Rc8 14. Ba3 Nf6 15. Bxe7 Qxe7 16. Re1 O-O 17. Qa3 Qf7 18. Nc3 Ng4 19. f3 Qf6 20. Qc5 Nxh2 21. Kxh2 Qh6+ 22. Kg1 Qxd2 23. Rad1 Qg5 24. Nxe4 dxe4 25. fxe4 h6 26. exf5 Rxf5 27. Qe7 Rf6 28. Qe5 Qg4 29. Rf1 Rcf8 30. Rde1 Kh8 31. Rxf6 Rxf6 32. Qe8+ Kh7 33. Qe4+ Qxe4 34. Rxe4 Kg6 35. Re7 a5 36. Ra7 Rf5 37. Ra6 Rd5 38. Rxc6+ Kf5 39. Rc5 Ke4 40. Rxd5 Kxd5 41. Kf2 Kxd4 42. Ke2 h5 43. a3 g5 44. b4 axb4 45. axb4 Kc4 46. Ke3 Kxb4 47. Ke4 Kc3 48. Kf5 Kd4 49. Kxg5 1-0


[Site "https://www.chess.com"]

[Event "Titled Tuesday Blitz March 07 Late 2023"]
[White "Fernandez Guillen, Ernesto J."]
[Black "Kochetov, Andrey"]
[WhiteFideId "3512428"]
[BlackFideId "24130532"]
[WhiteElo "2423"]
[BlackElo "2518"]
[Result "1-0"]
[Round "04"]
[TimeControl "180+2"]
[Date "2023.03.07"]
[WhiteClock "0:02:29"]
[BlackClock "0:02:27"]

1. e4 Nf6 2. Nc3 d5 3. exd5 Nxd5 4. d4 g6 5. h4 h5 6. Bg5 Bg7 7. Bc4 Nxc3 8. bxc3 c5 9. Ne2 Nc6 10. O-O cxd4 11. cxd4 Nxd4 12. Nxd4 Qxd4 13. Bb5+ Bd7 14. Qxd4 Bxd4 15. Bxd7+ Kxd7 16. Rad1 1-0


[Site "https://www.chess.com"]

[Event "Titled Tuesday Blitz March 07 Late 2023"]
[White "Sokac, Marko"]
[Black "Bilych, Olexiy"]
[WhiteFideId "14531356"]
[BlackFideId "14156504"]
[WhiteElo "2355"]
[BlackElo "2320"]
[Result "1-0"]
[Round "04"]
[TimeControl "180+2"]
[Date "2023.03.07"]
[WhiteClock "0:00:59"]
[BlackClock "0:00:06"]

1. e4 c5 2. a3 g6 3. h4 h5 4. Nf3 Bg7 5. d4 cxd4 6. Nxd4 Nc6 7. Be3 Nf6 8. Nc3 Ng4 9. Nxc6 bxc6 10. Bd4 Bxd4 11. Qxd4 e5 12. Qd2 Qb6 13. b3 Qd4 14. Qxd4 exd4 15. Ne2 c5 16. c3 d3 17. Nf4 d2+ 18. Ke2 Rb8 19. b4 a5 20. f3 Ne5 21. Kxd2 axb4 22. axb4 cxb4 23. cxb4 Rxb4 24. Ra8 O-O 25. Nd5 Rb2+ 26. Kc3 Rb1 27. Kc2 Rb7 28. Ba6 Kg7 29. Bxb7 Bxb7 30. Rxf8 Kxf8 31. Rb1 Bxd5 32. exd5 Ke7 33. Kc3 f6 34. Kd4 Nf7 35. Kc5 Nd6 36. Re1+ 1-0


[Site "https://www.chess.com"]

[Event "Titled Tuesday Blitz March 07 Late 2023"]
[White "Roberson, Peter T"]
[Black "Nasuta, Grzegorz"]
[WhiteFideId "412384"]
[BlackFideId "1141686"]
[WhiteElo "2346"]
[BlackElo "2449"]
[Result "0-1"]
[Round "04"]
[TimeControl "180+2"]
[Date "2023.03.07"]
[WhiteClock "0:01:54"]
[BlackClock "0:01:54"]

1. d4 g6 2. e4 Bg7 3. Be3 d6 4. Qd2 a6 5. c4 Nf6 6. Nc3 Ng4 7. Bg5 h6 8. Bh4 Nc6 9. f3 Nf6 10. Bf2 e5 11. d5 Nd4 12. Nge2 Nxe2 13. Bxe2 O-O 14. O-O Nh5 15. c5 Nf4 16. cxd6 cxd6 17. Na4 Qg5 18. Qxf4 exf4 19. Nb6 Rb8 20. Rfc1 Bxb2 0-1


[Site "https://www.chess.com"]

[Event "Titled Tuesday Blitz March 07 Late 2023"]
[White "Grover, Sahaj"]
[Black "Bernat, David"]
[WhiteFideId "5021103"]
[BlackFideId "2099225"]
[WhiteElo "2432"]
[BlackElo "2517"]
[Result "1-0"]
[Round "04"]
[TimeControl "180+2"]
[Date "2023.03.07"]
[WhiteClock "0:01:36"]
[BlackClock "0:00:04"]

1. c4 c5 2. Nc3 Nc6 3. Nf3 g6 4. e3 Nf6 5. d4 cxd4 6. exd4 d5 7. cxd5 Nxd5 8. Bc4 Nxc3 9. bxc3 Bg7 10. Ng5 O-O 11. h4 Qa5 12. Bd2 h6 13. Ne4 Bf5 14. Ng3 Rac8 15. Bb3 Kh7 16. h5 Bd7 17. hxg6+ fxg6 18. Qc1 Nxd4 19. Bxh6 Nxb3 20. axb3 Qe5+ 21. Kf1 Rxc3 22. Qxc3 Qxc3 23. Bd2+ Kg8 24. Bxc3 Bxc3 25. Rd1 Bb5+ 26. Kg1 Bc6 27. Rd3 Be5 28. Rh4 Bf6 29. Rg4 Kf7 30. Ne4 Bxe4 31. Rxe4 Rc8 32. Rd7 Rc1+ 33. Kh2 b6 34. Rxa7 Rc3 35. Re3 Rc6 36. g3 Rd6 37. Kg2 Rd2 38. Rb7 Kg8 39. Rxb6 Bd4 40. Rb8+ Kf7 41. Rf3+ Kg7 42. Rd8 1-0


[Site "https://www.chess.com"]

[Event "Titled Tuesday Blitz March 07 Late 2023"]
[White "Weichhold, Pawel"]
[Black "Ezat, Mohamed"]
[WhiteFideId "1139703"]
[BlackFideId "10600906"]
[WhiteElo "2330"]
[BlackElo "2386"]
[Result "1-0"]
[Round "04"]
[TimeControl "180+2"]
[Date "2023.03.07"]
[WhiteClock "0:00:11"]
[BlackClock "0:00:27"]

1. e4 c6 2. d4 d5 3. e5 c5 4. dxc5 e6 5. a3 Bxc5 6. b4 Bb6 7. Bb2 Ne7 8. Bd3 a5 9. Nf3 axb4 10. axb4 Rxa1 11. Bxa1 Nbc6 12. b5 Na5 13. O-O Ng6 14. Re1 O-O 15. Nc3 Bd7 16. Na4 Ba7 17. Qd2 b6 18. Bd4 Nc4 19. Bxc4 dxc4 20. Qb4 Nf4 21. Qxc4 Qe8 22. Rb1 Qb8 23. Bxb6 Nh3+ 24. gxh3 Bxb6 25. Nxb6 Qxb6 26. Qd4 Qb7 27. Rb3 Ra8 28. c4 h6 29. Nd2 Ra2 30. Rd3 Be8 31. f3 Qe7 32. Qe3 Qh4 33. f4 Rc2 34. Qg3 Qh5 35. Qf3 Qxf3 36. Nxf3 Rxc4 37. Rb3 Rxf4 38. b6 Bc6 39. Ne1 Bb7 40. Nd3 Rf3 41. Nc5 Rxb3 42. Nxb3 Kf8 43. Nc5 Bd5 44. b7 Bxb7 45. Nxb7 f6 46. Nc5 Kf7 47. Nd3 Kg6 48. Kf2 Kf5 49. exf6 gxf6 50. Kf3 e5 51. Ne1 h5 52. Ng2 Kg5 53. h4+ Kf5 54. Ne3+ Ke6 55. Ke4 Ke7 56. Nf5+ Kf7 57. Ng3 Kg6 58. h3 Kh6 59. Kf5 Kg7 60. Ne4 Kf7 61. Nxf6 Ke7 62. Kxe5 Kf7 63. Kf5 Kg7 64. Kg5 Kf7 65. Nxh5 Kg8 66. Nf4 Kh7 67. h5 Kg7 68. h6+ Kh7 69. Kh5 Kh8 70. Kg6 Kg8 71. Nd5 Kh8 72. h4 Kg8 73. Ne3 Kh8 74. Nf5 Kg8 75. Nd6 Kh8 76. h5 Kg8 77. h7+ Kf8 78. h8=Q+ Ke7 79. Qe5+ Kd7 80. Ne4 Kc6 81. Qc5+ Kd7 82. Qd6+ Ke8 83. Qc7 Kf8 84. Qf7# 1-0


[Site "https://www.chess.com"]

[Event "Titled Tuesday Blitz March 07 Late 2023"]
[White "Nilsen, Tobias Lang"]
[Black "Mirzoev, Azer"]
[WhiteFideId "1521624"]
[BlackFideId "13400304"]
[WhiteElo "2183"]
[BlackElo "2525"]
[Result "1-0"]
[Round "04"]
[TimeControl "180+2"]
[Date "2023.03.07"]
[WhiteClock "0:02:19"]
[BlackClock "0:01:05"]

1. e4 c5 2. Nf3 e6 3. d4 cxd4 4. Nxd4 a6 5. c4 g6 6. Nc3 Bg7 7. Be3 Ne7 8. h4 d5 9. exd5 exd5 10. h5 O-O 11. hxg6 hxg6 12. Qf3 Nbc6 13. O-O-O Ne5 14. Qg3 dxc4 15. Qh2 Re8 16. Qh7+ Kf8 17. Bh6 Bxh6+ 18. Qxh6+ Kg8 19. Qh8# 1-0


[Site "https://www.chess.com"]

[Event "Titled Tuesday Blitz March 07 Late 2023"]
[White "Wieczorek, Oskar"]
[Black "reevecanada"]
[WhiteFideId "1133950"]
[WhiteElo "2418"]
[BlackElo "2511"]
[Result "0-1"]
[Round "04"]
[TimeControl "180+2"]
[Date "2023.03.07"]
[WhiteClock "0:00:02"]
[BlackClock "0:00:14"]

1. e4 c5 2. Nf3 d6 3. d4 cxd4 4. Nxd4 Nf6 5. Nc3 a6 6. f4 e6 7. Qf3 Be7 8. g4 h6 9. h4 Qc7 10. g5 Nfd7 11. g6 Nf8 12. gxf7+ Kxf7 13. Be3 b5 14. f5 Bf6 15. Qh5+ Kg8 16. fxe6 Nxe6 17. Qd5 Bxd4 18. Bxd4 Nc6 19. Be3 Nb4 20. Qd2 Bb7 21. a3 Nc6 22. Nd5 Qf7 23. Bh3 Ne5 24. Rf1 Nf3+ 25. Rxf3 Qxf3 26. Bxe6+ Kh7 27. Bf5+ g6 28. Nf6+ Kg7 29. Qxd6 Qxe3+ 30. Kf1 Rhf8 31. Ng4 Qf3+ 32. Kg1 Rae8 33. Qd7+ Kh8 34. Qd4+ Kh7 35. Qd7+ Kg8 36. Nxh6+ Kh8 37. Nf7+ Rxf7 38. Qxf7 Rg8 0-1


[Site "https://www.chess.com"]

[Event "Titled Tuesday Blitz March 07 Late 2023"]
[White "Flores Quillas, Diego Saul Rodri"]
[Black "Korchmar, Vasiliy"]
[WhiteFideId "3822508"]
[BlackFideId "24131750"]
[WhiteElo "2326"]
[BlackElo "2370"]
[Result "1-0"]
[Round "04"]
[TimeControl "180+2"]
[Date "2023.03.07"]
[WhiteClock "0:00:37"]
[BlackClock "0:00:04"]

1. e4 c5 2. Nf3 d6 3. d4 cxd4 4. Nxd4 Nf6 5. Nc3 Nc6 6. Bg5 Bd7 7. Qd2 a6 8. O-O-O e6 9. f4 Be7 10. Nf3 b5 11. Bxf6 gxf6 12. Bd3 Qb6 13. f5 O-O-O 14. Ne2 Ne5 15. Nf4 Kb8 16. Rhf1 Rhe8 17. Kb1 Rc8 18. Be2 Nc4 19. Bxc4 Rxc4 20. Rfe1 Rec8 21. fxe6 fxe6 22. Nd4 d5 23. Nfxe6 Bxe6 24. exd5 Bb4 25. Qf4+ Bd6 26. Rxe6 Bxf4 27. Rxb6+ Ka7 28. Rxf6 Bxh2 29. Rh6 Bf4 30. Rxh7+ Kb6 31. b3 R4c5 32. Ne6 Rxc2 33. Nxf4 Rf2 34. Rh6+ Ka5 35. b4+ Ka4 36. Rxa6+ Kxb4 37. Nd3+ 1-0


[Site "https://www.chess.com"]

[Event "Titled Tuesday Blitz March 07 Late 2023"]
[White "Cardoso Cardoso, Jose Gabriel"]
[Black "Dudzinski, Pawel"]
[WhiteFideId "4430492"]
[BlackFideId "1117890"]
[WhiteElo "2496"]
[BlackElo "2099"]
[Result "1/2-1/2"]
[Round "04"]
[TimeControl "180+2"]
[Date "2023.03.07"]
[WhiteClock "0:00:04"]
[BlackClock "0:00:06"]

1. d4 d5 2. Nc3 c6 3. Bf4 g6 4. e3 Bg7 5. h4 h6 6. Nf3 Bg4 7. Be2 Nd7 8. Ne5 Bxe2 9. Qxe2 Nxe5 10. dxe5 e6 11. O-O-O Qc7 12. e4 Bxe5 13. Bxe5 Qxe5 14. g3 O-O-O 15. f4 Qc7 16. Rd3 Nf6 17. e5 Nd7 18. Rhd1 h5 19. Qf2 Kb8 20. a3 Qb6 21. Qe2 Nc5 22. Rd4 Na6 23. R4d2 Nc7 24. Ne4 Ne8 25. c4 Rc8 26. Ng5 Qc7 27. Kb1 Ng7 28. Rc2 Qe7 29. Rdc1 Nf5 30. Qd3 dxc4 31. Rxc4 Rhd8 32. Qb3 Ka8 33. Ne4 Rd5 34. Rb4 Rcd8 35. Ka2 Rd3 36. Qa4 Nxg3 37. Nxg3 Rxg3 38. Rxc6 Rgd3 39. Ra6 b6 40. Qc6+ Qb7 41. Rbxb6 Qxc6 42. Rxc6 Kb7 43. a4 R3d4 44. Ka3 Rxf4 45. Rd6 Rxd6 46. Rxd6 Rf5 47. b3 Rxe5 48. Rd7+ Kb6 49. Rxf7 Rf5 50. Re7 Rf6 51. Kb4 a5+ 52. Kc4 Rf4+ 53. Kc3 Rxh4 54. Rxe6+ Kc5 55. Rxg6 Rh3+ 56. Kb2 h4 57. Rg5+ Kb6 58. Rb5+ Ka6 59. Rh5 Rh1 60. Rh6+ Kb7 61. Kc3 h3 62. Kc4 Rc1+ 63. Kb5 Rc3 64. Rh7+ Kc8 65. Kxa5 Rxb3 66. Ka6 Kd8 67. a5 Kc8 68. Ka7 Ra3 69. a6 Rb3 70. Rb7 Ra3 71. Rb2 Kc7 72. Rc2+ Kd6 73. Kb7 Ke5 74. a7 Kf4 75. Rc3 Rxa7+ 76. Kxa7 Kg4 77. Kb6 h2 78. Rc1 Kg3 79. Kc5 Kg2 80. Kd4 h1=Q 81. Rxh1 Kxh1 1/2-1/2


[Site "https://www.chess.com"]

[Event "Titled Tuesday Blitz March 07 Late 2023"]
[White "Aldokhin, Ivan"]
[Black "Golubev, Mikhail"]
[WhiteFideId "24115720"]
[BlackFideId "14100983"]
[WhiteElo "2322"]
[BlackElo "2374"]
[Result "1-0"]
[Round "04"]
[TimeControl "180+2"]
[Date "2023.03.07"]
[WhiteClock "0:00:31"]
[BlackClock "0:00:04"]

1. e4 c5 2. Nf3 d6 3. d4 cxd4 4. Nxd4 Nf6 5. Nc3 g6 6. Bc4 Bg7 7. Bb3 O-O 8. h3 Nc6 9. Be3 Na5 10. O-O b6 11. Re1 Bb7 12. Bg5 Rc8 13. Nd5 Nxd5 14. exd5 Re8 15. Ba4 Rc4 16. Bxe8 Rxd4 17. Rxe7 Rxd1+ 18. Rxd1 Qc8 19. Bd7 Qxc2 20. Re8+ Bf8 21. Bh6 Qxd1+ 22. Kh2 1-0


[Site "https://www.chess.com"]

[Event "Titled Tuesday Blitz March 07 Late 2023"]
[White "Goltsev, Dmitry"]
[Black "ArchibaldCerveza29"]
[WhiteFideId "24176710"]
[WhiteElo "2336"]
[BlackElo "2473"]
[Result "1-0"]
[Round "04"]
[TimeControl "180+2"]
[Date "2023.03.07"]
[WhiteClock "0:02:46"]
[BlackClock "0:00:33"]

1. e4 e5 2. Nf3 Nc6 3. Bb5 g6 4. O-O Bg7 5. c3 a6 6. Ba4 Nge7 7. d4 exd4 8. cxd4 b5 9. Bc2 d5 10. Nc3 O-O 11. h3 dxe4 12. Bxe4 Bf5 13. Bg5 Bxe4 14. Nxe4 h6 15. Bf6 Qd5 16. Re1 Rfe8 17. Rc1 Nf5 18. Rc5 Qd7 19. d5 Na5 20. Bxg7 Kxg7 21. Nf6 Kxf6 22. Qd2 Rxe1+ 23. Qxe1 Qe7 24. Qc3+ 1-0


[Site "https://www.chess.com"]

[Event "Titled Tuesday Blitz March 07 Late 2023"]
[White "Martynov, Pavel"]
[Black "Hernandez Sanchez, Elvis De La Caridad"]
[WhiteFideId "4101260"]
[BlackFideId "6400353"]
[WhiteElo "2314"]
[BlackElo "2473"]
[Result "1-0"]
[Round "04"]
[TimeControl "180+2"]
[Date "2023.03.07"]
[WhiteClock "0:01:12"]
[BlackClock "0:00:15"]

1. e4 c5 2. Nf3 d6 3. Bb5+ Nd7 4. O-O a6 5. Bxd7+ Bxd7 6. c3 Bc6 7. Re1 Nf6 8. d4 cxd4 9. cxd4 Bxe4 10. Bg5 Bxf3 11. Qxf3 Qb6 12. Bxf6 gxf6 13. Qxf6 Qxb2 14. Qxh8 Qxa1 15. Qxh7 Qxd4 16. Qc2 Qc5 17. Qe4 Qc6 18. Qf4 Rc8 19. h4 Qc4 20. Qxd6 Qxh4 21. Qb6 Qc4 22. Nd2 Qc6 23. Qb3 b5 24. Ne4 Bg7 25. Ng5 Qc4 26. Qa3 Bf6 27. Ne4 Qc6 28. Nd6+ Kf8 29. Nxc8 Qxc8 30. g3 Qc3 31. Qxc3 Bxc3 32. Rc1 b4 33. Rd1 a5 34. Rd8+ Kg7 35. Ra8 e6 36. Kf1 Kf6 37. Ke2 e5 38. Rxa5 Kf5 39. Rb5 f6 40. f3 Ke6 41. Kd3 f5 42. a4 1-0


[Site "https://www.chess.com"]

[Event "Titled Tuesday Blitz March 07 Late 2023"]
[White "Ansh M Shah"]
[Black "Matinian, Nikita"]
[WhiteFideId "25033379"]
[BlackFideId "24129100"]
[WhiteElo "2084"]
[BlackElo "2422"]
[Result "0-1"]
[Round "04"]
[TimeControl "180+2"]
[Date "2023.03.07"]
[WhiteClock "0:00:07"]
[BlackClock "0:00:31"]

1. d4 Nf6 2. c4 e6 3. g3 Bb4+ 4. Nd2 O-O 5. Bg2 d5 6. Nf3 b6 7. O-O Bb7 8. a3 Bd6 9. b4 dxc4 10. Nxc4 Nbd7 11. Nxd6 cxd6 12. Bf4 Qe7 13. Rc1 Rac8 14. Qa4 a6 15. Nd2 Nd5 16. Ne4 Nxf4 17. gxf4 d5 18. Ng5 Qd6 19. e3 b5 20. Qb3 Nb6 21. Qd3 g6 22. Nf3 f6 23. Rc5 Na4 24. Rcc1 Nb2 25. Qb3 Nc4 26. Rc2 Rc7 27. Rfc1 Rg7 28. h4 h6 29. Qd3 g5 30. hxg5 fxg5 31. Ne5 gxf4 32. exf4 Rxf4 33. Qh3 Rxd4 34. Nf3 Rdg4 35. Ne1 d4 36. f3 R4g6 37. Nd3 Ne3 38. Rc8+ Bxc8 39. Rxc8+ Kh7 40. Rc2 Rxg2+ 41. Rxg2 Rxg2+ 42. Kh1 Qg3 43. Qxe6 Rg1# 0-1


[Site "https://www.chess.com"]

[Event "Titled Tuesday Blitz March 07 Late 2023"]
[White "Mazurkiewicz, Michal"]
[Black "Sai Krishna G V"]
[WhiteFideId "1124943"]
[BlackFideId "5028280"]
[WhiteElo "2054"]
[BlackElo "2359"]
[Result "0-1"]
[Round "04"]
[TimeControl "180+2"]
[Date "2023.03.07"]
[WhiteClock "0:00:03"]
[BlackClock "0:01:36"]

1. e4 e5 2. Nf3 Nc6 3. d3 Bc5 4. g3 Nge7 5. Bg2 O-O 6. O-O d6 7. c3 f5 8. b4 Bb6 9. a4 a6 10. Nbd2 f4 11. Nc4 Ba7 12. b5 Nb8 13. d4 Nd7 14. dxe5 fxg3 15. hxg3 axb5 16. exd6 bxc4 17. dxe7 Qxe7 18. Qd5+ Kh8 19. Qxc4 Nc5 20. Ba3 Be6 21. Qb5 c6 22. Qe2 Bg4 23. Qe3 Qxe4 24. Bxc5 Qxe3 25. Bxe3 Bxf3 26. Bxf3 Rxf3 27. Bxa7 Rxa7 28. Rfe1 h5 29. Re7 Rxc3 30. Rb1 Ra3 31. Rd1 R3xa4 32. Rd8+ Kh7 33. Rdd7 Rg4 34. Rxb7 Rxb7 35. Rxb7 c5 36. Rc7 Rc4 37. Kg2 Rc2 38. Rc6 c4 39. Kf3 g6 40. Ke3 Kh6 41. f4 Rc3+ 42. Kf2 Kg7 43. Kg2 Kf7 44. Kh3 Rc1 45. Kh4 c3 46. Kg5 c2 47. Rc7+ Ke8 48. Kxg6 h4 49. g4 h3 50. f5 h2 51. f6 h1=Q 52. f7+ Kd8 53. f8=Q+ Kxc7 54. Qe7+ Kc6 55. Qe6+ Kc5 56. Qe5+ Kc4 57. Qe4+ Qxe4+ 0-1


[Site "https://www.chess.com"]

[Event "Titled Tuesday Blitz March 07 Late 2023"]
[White "Fus, Jakub"]
[Black "Slade, Theodore"]
[WhiteFideId "1193023"]
[BlackFideId "426547"]
[WhiteElo "2335"]
[BlackElo "1964"]
[Result "1-0"]
[Round "04"]
[TimeControl "180+2"]
[Date "2023.03.07"]
[WhiteClock "0:02:02"]
[BlackClock "0:00:49"]

1. e4 e5 2. Nf3 Nc6 3. Bb5 Nf6 4. O-O Nxe4 5. d4 Nd6 6. dxe5 Nxb5 7. a4 Nbd4 8. Nxd4 d5 9. exd6 Nxd4 10. Qxd4 Qxd6 11. Qe4+ Qe6 12. Qd4 Qd6 13. Qe3+ Be7 14. Nc3 O-O 15. Nb5 Qd8 16. Qg3 c6 17. Bh6 Bf6 18. Rad1 Bd7 19. Nd6 Qc7 20. Bf4 Qb6 21. Ne4 Bd4 22. Rxd4 Qxd4 23. Be5 Qxe5 24. Qxe5 Rfe8 25. Qf4 1-0


[Site "https://www.chess.com"]

[Event "Titled Tuesday Blitz March 07 Late 2023"]
[White "Shapiro, David"]
[Black "Dzida, Kamil"]
[WhiteFideId "24133523"]
[BlackFideId "21828652"]
[WhiteElo "2300"]
[BlackElo "2139"]
[Result "1-0"]
[Round "04"]
[TimeControl "180+2"]
[Date "2023.03.07"]
[WhiteClock "0:00:18"]
[BlackClock "0:00:01"]

1. d4 Nf6 2. c4 e6 3. Nf3 b6 4. g3 Bb7 5. Bg2 c5 6. d5 exd5 7. Nh4 g6 8. O-O Bg7 9. Nc3 O-O 10. cxd5 d6 11. e4 a6 12. a4 Nbd7 13. f4 Rc8 14. Nf3 c4 15. e5 Ne8 16. Re1 Nc5 17. e6 Rc7 18. Nd4 Nd3 19. exf7+ Rcxf7 20. Ne6 Qf6 21. Re4 Nc7 22. Nxf8 Nxd5 23. Rxc4 N5b4 24. Bxb7 Rxb7 25. Nd5 Qf7 26. Nxb4 Qxc4 27. Qxd3 Qxb4 28. Ne6 Re7 29. Bd2 Qa5 30. Bxa5 1-0


[Site "https://www.chess.com"]

[Event "Titled Tuesday Blitz March 07 Late 2023"]
[White "Brozyna, Mateusz"]
[Black "Zarubitski, Viachaslau"]
[WhiteFideId "21816140"]
[BlackFideId "13509373"]
[WhiteElo "2189"]
[BlackElo "2284"]
[Result "0-1"]
[Round "04"]
[TimeControl "180+2"]
[Date "2023.03.07"]
[WhiteClock "0:00:02"]
[BlackClock "0:01:04"]

1. e4 e5 2. Nf3 Nf6 3. Nxe5 d6 4. Nd3 Nxe4 5. Qe2 Qe7 6. Nf4 Nf6 7. g3 Nc6 8. Qxe7+ Bxe7 9. Bg2 Bf5 10. d3 O-O-O 11. Be3 Ng4 12. Nd5 Rhe8 13. Nxe7+ Rxe7 14. Kd2 Rde8 15. Nc3 Nxe3 16. fxe3 Rxe3 17. Bxc6 bxc6 18. Rae1 Rxe1 19. Rxe1 Rxe1 20. Kxe1 Kd7 21. Kd2 c5 22. Ke3 c6 23. Ne2 g5 24. c3 Bg4 25. Nc1 Ke6 26. Nb3 Kd5 27. Na5 Bd7 28. Nb7 f5 29. Nd8 Be8 30. a4 Ke5 31. a5 f4+ 32. Kf3 fxg3 33. hxg3 h5 34. a6 Kd5 35. Nb7 Bd7 36. Na5 h4 37. gxh4 gxh4 38. Nc4 Bc8 39. Ne3+ Ke5 40. Nc4+ Ke6 41. Kg4 Bxa6 42. Na5 Kd5 43. c4+ Kd4 44. Nxc6+ Kxd3 45. b3 Kc3 46. Na5 Kb4 47. Nc6+ Kxb3 48. Nxa7 Kxc4 49. Kxh4 Kd5 50. Kg3 c4 51. Kf2 Kc5 52. Ke3 Kb6 53. Kd4 Kxa7 0-1


[Site "https://www.chess.com"]